 Dungeon Crawl Stone Soup version 0.23.0 (webtiles) character file.

Game seed: 13265718760724109984

2940 Lanoc the Blocker (level 9, 0/73 (74) HPs)
             Began as a Gnoll Fighter on Feb 14, 2019.
             Was an Elder of Cheibriados.
             Succumbed to a killer bee's poison
             ... on level 8 of the Dungeon.
             The game lasted 00:09:27 (4833 turns).

Lanoc the Blocker (Gnoll Fighter)                   Turns: 4833, Time: 00:09:27

HP:   0/73 (74)     AC:  8    Str: 31    XL:     9   Next: 80%
MP:   8/15          EV: 18    Int: 22    God:    Cheibriados [****..]
Gold: 264           SH: 18    Dex: 29    Spells: 17/17 levels left

rFire    . . .     SeeInvis .   a - +0 long sword
rCold    . . .     Gourm    .   c - +0 shield
rNeg     . . .     Faith    +   b - +0 scale mail
rPois    .         Spirit   +   (no helmet)
rElec    .         Reflect  .   w - scarf {Spirit}
rCorr    .         Harm     .   (no gloves)
MR       .....                  (no boots)
Stlth    +++.......             l - amulet of faith
HPRegen  0.00/turn              (no ring)
MPRegen  0.14/turn              (no ring)

@: agile, lethally poisoned (0 -> -13), non-regenerating, diseased, very slow
A: distributed training, fangs 1, large bone plates 1, mutation resistance 1,
screaming 1, strong nose
a: Bend Time, Temporal Distortion, Slouch, Renounce Religion


You were on level 8 of the Dungeon.
You worshipped Cheibriados.
Cheibriados was greatly pleased with you.
You were very hungry.

You visited 2 branches of the dungeon, and saw 9 of its levels.

You collected 313 gold pieces.
You spent 49 gold pieces at shops.

Inventory:

Hand Weapons
 a - a +0 long sword (weapon)
 y - a +1 mace of holy wrath
Missiles
 h - 64 arrows
 k - 23 bolts
 z - 41 sling bullets
Armour
 b - a +0 scale mail (worn)
 c - a +0 shield (worn)
 w - a scarf of spirit shield (worn)
Magical Staves
 d - an uncursed staff of wizardry
Jewellery
 e - an uncursed amulet of the acrobat
 l - an amulet of faith (around neck)
Wands
 t - a wand of disintegration (7)
Scrolls
 g - 5 scrolls of remove curse
 i - 3 scrolls of fog {unknown}
 j - a scroll of amnesia {unknown}
 n - a scroll of enchant weapon {unknown}
 o - 4 scrolls of teleportation
 q - 2 scrolls of immolation
 s - 3 scrolls of magic mapping {unknown}
 v - a scroll of blinking {unknown}
 x - a scroll of enchant armour
Potions
 p - 2 potions of flight
 r - 2 potions of brilliance
Comestibles
 f - 10 rations


   Skills:
 + Level 8.0 Fighting
 + Level 4.5 Short Blades
 + Level 6.5 Long Blades
 + Level 4.5 Axes
 + Level 4.5 Maces & Flails
 + Level 4.5 Polearms
 + Level 4.5 Staves
 + Level 4.5 Slings
 + Level 4.5 Bows
 + Level 4.5 Crossbows
 + Level 4.5 Throwing
 + Level 8.0 Armour
 + Level 4.5 Dodging
 + Level 4.5 Stealth
 + Level 8.0 Shields
 + Level 4.5 Unarmed Combat
 + Level 4.5 Spellcasting
 + Level 3.7 Conjurations
 + Level 3.7 Hexes
 + Level 3.7 Charms
 + Level 3.7 Summonings
 + Level 3.7 Necromancy
 + Level 3.7 Translocations
 + Level 3.7 Transmutations
 + Level 3.7 Fire Magic
 + Level 3.7 Ice Magic
 + Level 3.7 Air Magic
 + Level 3.7 Earth Magic
 + Level 3.7 Poison Magic
 + Level 5.0 Invocations
 + Level 4.5 Evocations


You had 17 spell levels left.
You didn't know any spells.
Your spell library was empty.

Dungeon Overview and Level Annotations

Branches:
Dungeon (8/15)             Temple (1/1) D:6
   Lair: D:8-11

Altars:
Ashenzari
Cheibriados
Dithmenos
Elyvilon
Fedhas
Gozag
Hepliaklqana
Kikubaaqudgha
Makhleb
Ru
Sif Muna
Trog
Uskayaw
Vehumet
Wu Jian
Xom
Yredelemnul
Zin
The Shining One

Shops:
D:7 *


Innate Abilities, Weirdness & Mutations

Your experience applies equally to all skills.
You have very sharp teeth.
Your uncanny sense of smell can sniff out nearby items.
You are partially covered in large bone plates. (SH +4)
You are somewhat resistant to further mutation.
You occasionally shout uncontrollably at your foes.


Message History

* * * LOW HITPOINT WARNING * * *
You feel sick. The necrophage hits you.
* * * LOW HITPOINT WARNING * * *
You hit the necrophage but do no damage.
The necrophage is heavily damaged.
* * * LOW HITPOINT WARNING * * *
You feel sick. The necrophage misses you.
You riposte.
You slice the necrophage!!
You destroy the necrophage!
Cheibriados appreciates the change of pace.
Cheibriados raises the support of your attributes as your movement slows.
Your Invocations skill increases to level 5!
Okay, then.
Evoke which item? (* to show all) (? for menu, Esc to quit)
Okay, then.
Really quaff the potion of mutation?
You feel extremely strange.
You feel the urge to shout.
You feel genetically stable.
Large bone plates grow over parts of your arms.
You die...

.#. .. #.# .. #.. .## ##
##.# ∆ ..# .# #. ..# ∆
#.##<# #.# #.#
#.####.##.###.###.###.#...
#....<..#.#...@....†....#
######..#.#.#.###.####..#
......†..#.#.#.# #.#
########.#.#.#.# #.#
#....#.#.# #.#
#........###.#
#........†...#
######.####### #.#


There were no monsters in sight!

Vanquished Creatures
  Pikel (D:4)
  Grinder (D:4)
  A hippogriff (D:7)
  The ghost of Jaiteiro the Shield-Bearer, an amateur FoFi (D:4)
  A water moccasin (D:7)
  An orc warrior (D:6)
  A sky beast (D:6)
  2 ogres (D:6)
  2 necrophages
  2 bullfrogs
  6 killer bees (D:8)
  4 wights (D:7)
  4 crimson imps (D:7)
  3 hounds
  3 orc wizards
  2 orc priests
  Terence (D:3)
  An iguana (D:7)
  4 worker ants
  13 adders
  3 gnolls (D:5)
  A howler monkey skeleton (D:6)
  A shadow imp (D:5)
  2 worms
  A dart slug (D:4)
  5 leopard geckos
  22 orcs
  2 ball pythons
  2 giant cockroaches
  6 goblins
  5 hobgoblins
  9 jackals
  6 kobolds
  5 quokkas
  A bat (D:3)
  2 frilled lizards
  2 leopard gecko skeletons
  A leopard gecko zombie (D:6)
  A quokka skeleton (D:6)
  A quokka zombie (D:6)
  5 rats
  A spectral orc (D:6)
138 creatures vanquished.

Vanquished Creatures (others)
  2 slaves (D:4)
  An ogre (D:4)
  A worker ant (D:4)
4 creatures vanquished.

Grand Total: 142 creatures vanquished

Notes
Turn   | Place    | Note
-------+----------+-------------------------------------------
     0 | D:1      | Lanoc the Gnoll Fighter began the quest for the Orb.
     0 | D:1      | Reached XP level 1. HP: 23/23 MP: 1/1
   370 | D:1      | Reached XP level 2. HP: 20/29 MP: 2/2
   542 | D:3      | Reached XP level 3. HP: 15/35 MP: 3/3
   598 | D:3      | Reached skill level 1 in Invocations
   800 | D:3      | Reached skill level 1 in Short Blades
   800 | D:3      | Reached skill level 1 in Axes
   800 | D:3      | Reached skill level 1 in Maces & Flails
   800 | D:3      | Reached skill level 1 in Polearms
   800 | D:3      | Reached skill level 1 in Staves
   800 | D:3      | Reached skill level 1 in Slings
   800 | D:3      | Reached skill level 1 in Bows
   800 | D:3      | Reached skill level 1 in Crossbows
   800 | D:3      | Reached skill level 1 in Throwing
   800 | D:3      | Reached skill level 1 in Dodging
   800 | D:3      | Reached skill level 1 in Stealth
   800 | D:3      | Reached skill level 1 in Unarmed Combat
   800 | D:3      | Reached skill level 1 in Spellcasting
   800 | D:3      | Reached skill level 1 in Evocations
   823 | D:3      | Noticed Terence
   837 | D:3      | Killed Terence
   837 | D:3      | Reached XP level 4. HP: 28/41 MP: 5/5
   976 | D:3      | Reached skill level 1 in Conjurations
   976 | D:3      | Reached skill level 1 in Hexes
   976 | D:3      | Reached skill level 1 in Charms
   976 | D:3      | Reached skill level 1 in Summonings
   976 | D:3      | Reached skill level 1 in Necromancy
   976 | D:3      | Reached skill level 1 in Translocations
   976 | D:3      | Reached skill level 1 in Transmutations
   976 | D:3      | Reached skill level 1 in Fire Magic
   976 | D:3      | Reached skill level 1 in Ice Magic
   976 | D:3      | Reached skill level 1 in Air Magic
   976 | D:3      | Reached skill level 1 in Earth Magic
   976 | D:3      | Reached skill level 1 in Poison Magic
   976 | D:3      | Reached XP level 5. HP: 40/47 MP: 6/6
  1202 | D:3      | Found a snail-covered altar of Cheibriados.
  1202 | D:3      | Found a hazy altar of Hepliaklqana.
  1202 | D:3      | Found a glowing silver altar of Zin.
  1210 | D:3      | Became a worshipper of Cheibriados the Contemplative
  1611 | D:4      | Noticed Grinder
  1629 | D:4      | Paralysed by Grinder for 4 turns
  1648 | D:4      | Killed Grinder
  1648 | D:4      | Reached skill level 5 in Long Blades
  1648 | D:4      | Reached XP level 6. HP: 17/53 MP: 7/9
  1919 | D:4      | Noticed Pikel
  1919 | D:4      | Noticed a slave
  1919 | D:4      | Noticed a slave
  1919 | D:4      | Noticed a slave
  1919 | D:4      | Noticed a slave
  1934 | D:4      | Killed Pikel
  1934 | D:4      | Reached XP level 7. HP: 30/60 MP: 9/11
  1934 | D:4      | Reached XP level 8. HP: 34/67 MP: 9/12
  2362 | D:4      | Reached * piety under Cheibriados
  2512 | D:4      | Found a runed translucent door.
  2515 | D:4      | Noticed Jaiteiro's ghost (amateur FoFi)
  2610 | D:4      | Killed Jaiteiro's ghost
  2654 | D:5      | Entered Level 5 of the Dungeon
  2865 | D:5      | You fall through a shaft!
  2901 | D:6      | Reached ** piety under Cheibriados
  2945 | D:6      | Found a staircase to the Ecumenical Temple.
  2955 | Temple   | Entered the Ecumenical Temple
  3713 | D:6      | Found a basalt altar of Yredelemnul.
  3940 | D:7      | Reached XP level 9. HP: 72/72 MP: 14/14
  3952 | D:7      | Reached *** piety under Cheibriados
  4042 | D:7      | Found Corraacw's General Store.
  4054 | D:7      | Bought a scroll of immolation for 49 gold pieces
  4195 | D:7      | Found a shadowy altar of Dithmenos.
  4281 | D:7      | Reached **** piety under Cheibriados
  4830 | D:8      | HP: 2/73 [necrophage (2)]
  4831 | D:8      | Reached skill level 5 in Invocations
  4832 | D:8      | Gained mutation: You occasionally shout uncontrollably at
                  | your foes. [potion of mutation]
  4832 | D:8      | Gained mutation: You are somewhat resistant to further
                  | mutation. [potion of mutation]
  4832 | D:8      | Gained mutation: You are partially covered in large bone
                  | plates. (SH +4) [potion of mutation]
  4833 | D:8      | Succumbed to a killer bee's poison

Skill      XL: |  1  2  3  4  5  6  7  8  9 |
---------------+----------------------------+-----
Invocations    | 1 2 3 4 5 |  5.0
Short Blades   | 1 2 3 4 |  4.5
Axes           | 1 2 3 4 |  4.5
Maces & Flails | 1 2 3 4 |  4.5
Polearms       | 1 2 3 4 |  4.5
Staves         | 1 2 3 4 |  4.5
Slings         | 1 2 3 4 |  4.5
Bows           | 1 2 3 4 |  4.5
Crossbows      | 1 2 3 4 |  4.5
Throwing       | 1 2 3 4 |  4.5
Dodging        | 1 2 3 4 |  4.5
Stealth        | 1 2 3 4 |  4.5
Unarmed Combat | 1 2 3 4 |  4.5
Spellcasting   | 1 2 3 4 |  4.5
Evocations     | 1 2 3 4 |  4.5
Conjurations   | 1 2 3 |  3.7
Hexes          | 1 2 3 |  3.7
Charms         | 1 2 3 |  3.7
Summonings     | 1 2 3 |  3.7
Necromancy     | 1 2 3 |  3.7
Translocations | 1 2 3 |  3.7
Transmutations | 1 2 3 |  3.7
Fire Magic     | 1 2 3 |  3.7
Ice Magic      | 1 2 3 |  3.7
Air Magic      | 1 2 3 |  3.7
Earth Magic    | 1 2 3 |  3.7
Poison Magic   | 1 2 3 |  3.7
Long Blades    | 5 6 |  6.5
Fighting       | 7 8 |  8.0
Armour         | 7 8 |  8.0
Shields        | 7 8 |  8.0

Action                   |  1- 3 |  4- 6 |  7- 9 || total
-------------------------+-------+-------+-------++-------
Melee: Long sword        |    73 |   100 |   337 ||   510
       Bite              |    15 |    14 |    54 ||    83
Evoke: Wand              |       |     3 |       ||     3
  Use: Potion            |     3 |       |     4 ||     7
       Scroll            |       |       |     7 ||     7
 Stab: Sleeping          |       |       |     6 ||     6
  Eat: Chunk             |       |     3 |     6 ||     9
Armor: Scale mail        |    37 |    32 |    99 ||   168
Dodge: Dodged            |    28 |    18 |   139 ||   185
Block: Shield            |    47 |    53 |   213 ||   313
       Rpst.: Long sword |    11 |     7 |    40 ||    58
